 Dungeon Crawl Stone Soup version 0.32-a0-933-ga8fa3634e4 (webtiles) character file.

Game seed: 5269638372232674609

14779 dcgchant the Frost Mage (level 12, -7/91 HPs)
             Began as a Gnoll Ice Elementalist on Apr 14, 2024.
             Was the Champion of Cheibriados.
             Mangled by a skeletal warrior
             ... wielding a +0 battleaxe
              (10 damage)
             ... on level 11 of the Dungeon.
             The game lasted 00:24:39 (11774 turns).

dcgchant the Frost Mage (Gnoll Ice Elementalist)   Turns: 11774, Time: 00:24:41

Health: -7/91      AC: 23    Str: 23    XL:     12   Next: 20%
Magic:  6/25       EV: 19    Int: 34    God:    Cheibriados [******]
Gold:   324        SH: 13    Dex: 28    Spells: 4/29 levels left

rFire   . . .        P - +2 hand cannon (freeze)
rCold   . . .        O - +0 kite shield
rNeg    . . .        w - +0 robe
rPois   .            E - +0 helmet
rElec   .            o - +0 cloak
rCorr   .            F - +2 pair of gloves
SInv    .            (no boots)
Will    .....        (no amulet)
Stlth   +++++        f - ring of wizardry
HPRegen 0.35/turn    B - +4 ring of protection
MPRegen 0.19/turn

%: wizardry (x1)
@: mighty, ice-armoured, about to teleport, very slow
A: fangs 1, strong nose, distributed training
a: Renounce Religion, Bend Time, Temporal Distortion, Slouch, Step From Time


You were on level 11 of the Dungeon.
You worshipped Cheibriados.
Cheibriados was exalted by your worship.
You visited 2 branches of the dungeon, and saw 12 of its levels.

You collected 702 gold pieces.
You spent 378 gold pieces at shops.

Inventory:

Hand Weapons
 a - a +5 dire flail of protection
 b - a +0 sling
 P - a +2 hand cannon of freezing (weapon)
Missiles
 l - 46 poisoned darts
 s - 7 curare-tipped darts
 D - 2 atropa-tipped darts
 J - 4 boomerangs
Armour
 o - a +0 cloak (worn)
 q - a +0 leather armour
 w - a +0 robe (worn)
 E - a +0 helmet (worn)
 F - a +2 pair of gloves (worn)
 O - a +0 kite shield (worn)
Magical Staves
 t - a staff of alchemy
Jewellery
 f - a ring of wizardry (left hand)
 B - a +4 ring of protection (right hand)
 K - a ring of positive energy
 N - a ring of positive energy
 R - a ring of magical power
 T - a ring of fire
Wands
 v - a wand of quicksilver (8)
 y - a wand of flame (12)
 C - a wand of mindburst (24)
 G - a wand of polymorph (12)
 L - a wand of warping (12)
 Q - a wand of digging (6)
Scrolls
 d - 6 scrolls of teleportation
 h - 2 scrolls of revelation
 i - 2 scrolls of enchant armour {unknown}
 j - a scroll of summoning {unknown}
 m - 3 scrolls of poison
 r - a scroll of enchant weapon
 x - a scroll of fear {unknown}
 z - a scroll of silence {unknown}
 H - a scroll of vulnerability {unknown}
 I - a scroll of acquirement {unknown}
 U - a scroll of immolation {unknown}
 V - 2 scrolls of blinking {unknown}
Potions
 c - a potion of attraction {unknown}
 e - 2 potions of magic
 g - a potion of curing
 k - 2 potions of mutation
 n - 2 potions of resistance {unknown}
 u - 3 potions of might
 A - 2 potions of brilliance {unknown}
 M - a potion of lignification
 S - a potion of ambrosia {unknown}


   Skills:
 + Level 7.3 Fighting
 + Level 7.3 Short Blades
 + Level 7.3 Long Blades
 + Level 7.3 Axes
 + Level 7.3 Maces & Flails
 + Level 7.3 Polearms
 + Level 7.3 Staves
 + Level 7.3 Ranged Weapons
 + Level 7.3 Throwing
 + Level 7.3 Armour
 + Level 8.7 Dodging
 + Level 8.5 Stealth
 + Level 7.3 Shields
 + Level 7.3 Unarmed Combat
 + Level 9.0 Spellcasting
 + Level 6.1 Conjurations
 + Level 6.1 Hexes
 + Level 6.1 Summonings
 + Level 6.1 Necromancy
 + Level 6.1 Translocations
 + Level 6.1 Fire Magic
 + Level 9.4 Ice Magic
 + Level 6.1 Air Magic
 + Level 6.1 Earth Magic
 + Level 6.1 Alchemy
 + Level 8.0 Invocations
 + Level 7.3 Evocations
 + Level 6.6 Shapeshifting


You had 4 spell levels left.
You knew the following spells:

 Your Spells              Type           Power      Damage    Failure   Level
a - Freeze                Ice            100%       1d10      1%          1
b - Frozen Ramparts       Ice            100%       1d16      1%          3
c - Ozocubu's Armour      Ice            68%        N/A       1%          3
d - Summon Ice Beast      Ice/Summ       62%        N/A       1%          3
e - Scorch                Fire           100%       2d9       1%          2
f - Airstrike             Air            27%        2d(4-20)  1%          4
g - Olgreb's Toxic Radia  Alch           54%        N/A       1%          4
h - Lee's Rapid Deconstr  Erth           27%        3d14*     5%          5

Your spell library contained the following spells:

 Spells                   Type           Power      Damage    Failure   Level
 Apportation              Tloc           100%       N/A       1%          1
 Necrotise                Necr           100%       1d9       1%          1
 Sting                    Conj/Alch      100%       1d9       1%          1
 Summon Small Mammal      Summ           100%       N/A       1%          1
 Cigotuvi's Dreadful Rot  Necr/Alch/Air  100%       N/A       1%          2
 Ensorcelled Hibernation  Hex/Ice        100%       N/A       1%          2
 Jinxbite                 Hex            100%       N/A       1%          2
 Mercury Vapours          Alch/Air       100%       N/A       1%          2
 Static Discharge         Conj/Air       100%       3-8/arc   1%          2
 Fugue of the Fallen      Necr           54%        N/A       1%          3
 Passwall                 Erth           54%        N/A       1%          3
 Swiftness                Air            54%        N/A       1%          3
 Animate Armour           Summ/Erth      100%       N/A       1%          4
 Dispel Undead            Necr           54%        3d20      1%          4
 Flame Wave               Conj/Fire      54%        2d13      1%          4
 Martyr's Knell           Necr/Summ      54%        N/A       1%          4
 Summon Lightning Spire   Summ/Air       54%        N/A       1%          4
 Metabolic Englaciation   Hex/Ice        31%        N/A       2%          5
 Alistair's Intoxication  Alch           36%        N/A       5%          5
 Iskenderun's Battlesphe  Conj           54%        2d10      5%          5
 Bombard                  Conj/Erth      27%        9d5       26%         6
 Summon Cactus Giant      Summ           27%        N/A       26%         6
 Manifold Assault         Tloc           27%        N/A       80%         7
 Spellforged Servitor     Conj/Summ      27%        N/A       80%         7


Dungeon Overview and Level Annotations

Branches:
Dungeon (11/15) Zot: 40252  Temple (1/1) D:7 Zot: 8998    Lair (0/5) D:11
    Orc (0/2) D:10

Altars:
Ashenzari
Cheibriados
Dithmenos
Elyvilon
Fedhas
Gozag
Hepliaklqana
Kikubaaqudgha
Makhleb
Nemelex Xobeh
Okawaru
Qazlal
Ru
Sif Muna
Trog
Uskayaw
Vehumet
Wu Jian
Xom
Yredelemnul
Zin
The Shining One

Shops:
D:3 *   D:7 *   D:8 (   D:10 [?[(=[


Innate Abilities, Weirdness & Mutations

You have very sharp teeth.
Your uncanny sense of smell can sniff out nearby items.
Your experience applies equally to all skills.


Message History

The slug freezes the skeletal warrior.
The skeletal warrior is heavily damaged.
The skeletal warrior hits you but does no damage.
The skeletal warrior hits you with a +0 battleaxe!
You block the skeletal warrior's attack.
The skeletal warrior hits you but does no damage.
Casting: Lee's Rapid Deconstruction (dangerous; 5% risk of failure)
Confirm with . or Enter, or press ? or * to list all spells.
Okay, then.
You feel very mighty all of a sudden.
The skeletal warrior hits you with a +0 hand axe.
The skeletal warrior completely misses you.
Unknown command.
Okay, then.
Okay, then.
Okay, then.
Okay, then.
You shoot a slug. The slug hits the skeletal warrior!
The slug freezes the skeletal warrior.
The skeletal warrior is heavily damaged.
You block the skeletal warrior's attack.
The skeletal warrior closely misses you.
Unknown command.
Casting: Lee's Rapid Deconstruction (dangerous; 5% risk of failure)
Confirm with . or Enter, or press ? or * to list all spells.
A chill wind blows around you. The skeletal warrior misses you.
The skeletal warrior hits you with a +0 battleaxe!!
* * * LOW HITPOINT WARNING * * *
Unknown command.
As you read the scroll of teleportation, it crumbles to dust.
You feel strangely unstable.
You block the skeletal warrior's attack.
The skeletal warrior misses you.
You feel better.
The skeletal warrior hits you with a +0 hand axe!
* * * LOW HITPOINT WARNING * * *
The skeletal warrior hits your ice beast with a +0 hand axe.
The skeletal warrior hits you with a +0 battleaxe!
You die...
Cheibriados appreciates the motionlessness of death.

#....# #....#
#....# ####.#
######
#...#######....#
......#...........#
......#...........#
......+........Y..#
####..#........z@.#
#..##########z##
... )c# ... ∆ ...#
....# .....#
......# ########


You could see 2 skeletal warriors, a centaur and a friendly ice beast
(summoned).

Vanquished Creatures
  Snorg (D:10)
  Erica (D:8)
  A two-headed ogre (D:9)
  A death knight (D:9)
  2 skeletal warriors
  An ugly thing (D:9)
  A gargoyle (D:11)
  A komodo dragon (D:10)
  Maggie (D:7)
  2 kobold demonologists
  Psyche (D:8)
  A troll (D:9)
  3 hornets
  A slime creature (D:9)
  A shadow (D:9)
  2 wraiths
  13 yaks (D:9)
  2 wargs
  A wyvern (D:8)
  Edmund (D:4)
  A water moccasin (D:6)
  A black bear (D:7)
  10 orc warriors
  A sky beast (D:7)
  2 wolves (D:11)
  An ogre (D:6)
  2 centaurs
  3 lemures (D:4)
  4 phantoms
  Blork the orc (D:6)
  5 kobold brigands
  5 bullfrogs
  A gnoll sergeant (D:9)
  A scorpion (D:5)
  13 wights
  8 killer bees
  An electric eel (D:10)
  2 howler monkeys (D:6)
  A bombardier beetle (D:5)
  9 orc priests
  A gnoll bouda (D:6)
  2 hounds (D:7)
  A jelly (D:6)
  4 iguanas
  9 orc wizards
  10 gnolls
  10 adders
  A shadow imp (D:6)
  2 white imps
  2 ufetubi (D:6)
  2 dart slugs
  4 ribbon worms
  35 orcs
  5 bats
  6 endoplasms
  A giant cockroach (D:1)
  10 goblins
  9 hobgoblins
  3 jackals (D:2)
  4 quokkas (D:1)
  5 ball pythons
  7 frilled lizards
  27 kobolds
  7 rats
277 creatures vanquished.

Vanquished Creatures (collateral kills)
  Pikel (D:4)
  A lemure (D:4)
2 creatures vanquished.

Vanquished Creatures (others)
  3 kobolds (D:8)
3 creatures vanquished.

Grand Total: 282 creatures vanquished

Notes
Turn   | Place    | Note
-------+----------+-------------------------------------------
     0 | D:1      | dcgchant the Gnoll Ice Elementalist began the quest for the
                  | Orb.
     0 | D:1      | Reached XP level 1. HP: 13/13 MP: 6/6
    95 | D:1      | Reached XP level 2. HP: 19/19 MP: 3/7
   369 | D:1      | Reached skill level 5 in Spellcasting
   369 | D:1      | Reached XP level 3. HP: 15/25 MP: 1/9
   698 | D:1      | Reached skill level 1 in Invocations
   890 | D:2      | Learned a level 3 spell: Frozen Ramparts
   894 | D:2      | Learned a level 3 spell: Ozocubu's Armour
   898 | D:2      | Learned a level 3 spell: Summon Ice Beast
   959 | D:2      | Reached skill level 1 in Fighting
   959 | D:2      | Reached skill level 1 in Short Blades
   959 | D:2      | Reached skill level 1 in Long Blades
   959 | D:2      | Reached skill level 1 in Axes
   959 | D:2      | Reached skill level 1 in Maces & Flails
   959 | D:2      | Reached skill level 1 in Polearms
   959 | D:2      | Reached skill level 1 in Staves
   959 | D:2      | Reached skill level 1 in Ranged Weapons
   959 | D:2      | Reached skill level 1 in Throwing
   959 | D:2      | Reached skill level 1 in Armour
   959 | D:2      | Reached skill level 1 in Shields
   959 | D:2      | Reached skill level 1 in Unarmed Combat
   959 | D:2      | Reached skill level 1 in Evocations
  1108 | D:2      | Reached skill level 1 in Shapeshifting
  1108 | D:2      | Reached XP level 4. HP: 26/32 MP: 8/11
  1222 | D:2      | Found a snail-covered altar of Cheibriados.
  1360 | D:2      | Became a worshipper of Cheibriados the Contemplative
  1622 | D:2      | Reached skill level 1 in Conjurations
  1622 | D:2      | Reached skill level 1 in Hexes
  1622 | D:2      | Reached skill level 1 in Summonings
  1622 | D:2      | Reached skill level 1 in Necromancy
  1622 | D:2      | Reached skill level 1 in Translocations
  1622 | D:2      | Reached skill level 1 in Fire Magic
  1622 | D:2      | Reached skill level 1 in Air Magic
  1622 | D:2      | Reached skill level 1 in Earth Magic
  1622 | D:2      | Reached skill level 1 in Alchemy
  2305 | D:3      | Reached * piety under Cheibriados
  2368 | D:3      | Reached XP level 5. HP: 34/37 MP: 10/12
  2458 | D:3      | Learned a level 2 spell: Scorch
  2582 | D:3      | Found a transporter.
  2582 | D:3      | Found Qunach's General Store.
  2606 | D:3      | Found a transporter.
  2637 | D:3      | Bought 5 curare-tipped darts for 60 gold pieces
  2637 | D:3      | Bought a potion of lignification for 30 gold pieces
  2637 | D:3      | Bought a potion of invisibility for 80 gold pieces
  2937 | D:4      | Noticed a phantom
  2946 | D:4      | Killed a phantom
  2947 | D:4      | Reached skill level 5 in Dodging
  2947 | D:4      | Reached XP level 6. HP: 42/44 MP: 2/14
  2962 | D:4      | Reached ** piety under Cheibriados
  3197 | D:4      | Noticed Edmund
  3208 | D:4      | Killed Edmund
  3209 | D:4      | Reached XP level 7. HP: 14/51 MP: 1/15
  3483 | D:4      | Found a radiant altar of Vehumet.
  3542 | D:4      | Noticed Pikel
  3554 | D:4      | Killed Pikel
  3555 | D:4      | Reached skill level 5 in Stealth
  3555 | D:4      | Reached XP level 8. HP: 12/58 MP: 13/17
  3871 | D:5      | Entered Level 5 of the Dungeon
  4099 | D:5      | Learned a level 4 spell: Airstrike
  5297 | D:6      | Reached *** piety under Cheibriados
  5496 | D:6      | Noticed Blork the orc
  5508 | D:6      | Killed Blork the orc
  5509 | D:6      | Reached XP level 9. HP: 37/65 MP: 11/18
  5514 | D:6      | Learned a level 4 spell: Olgreb's Toxic Radiance
  6387 | D:7      | Found a staircase to the Ecumenical Temple.
  6393 | Temple   | Entered the Ecumenical Temple
  6582 | D:7      | Reached **** piety under Cheibriados
  6731 | D:7      | Noticed a hornet
  6736 | D:7      | Killed a hornet
  6737 | D:7      | Reached skill level 5 in Invocations
  6787 | D:7      | Found Tuagagim's Mail-Order Catalogue.
  7313 | D:7      | Found a basalt altar of Yredelemnul.
  7334 | D:7      | Found an opulent altar of Gozag.
  7374 | D:7      | Noticed Maggie
  7399 | D:7      | Killed Maggie
  7400 | D:7      | Reached skill level 5 in Fighting
  7400 | D:7      | Reached skill level 5 in Short Blades
  7400 | D:7      | Reached skill level 5 in Long Blades
  7400 | D:7      | Reached skill level 5 in Axes
  7400 | D:7      | Reached skill level 5 in Maces & Flails
  7400 | D:7      | Reached skill level 5 in Polearms
  7400 | D:7      | Reached skill level 5 in Staves
  7400 | D:7      | Reached skill level 5 in Ranged Weapons
  7400 | D:7      | Reached skill level 5 in Throwing
  7400 | D:7      | Reached skill level 5 in Armour
  7400 | D:7      | Reached skill level 5 in Shields
  7400 | D:7      | Reached skill level 5 in Unarmed Combat
  7400 | D:7      | Reached skill level 5 in Evocations
  7400 | D:7      | Reached XP level 10. HP: 44/74 MP: 14/20
  8154 | D:8      | Found a stormy altar of Qazlal.
  8222 | D:8      | Noticed Erica
  8240 | D:8      | Killed Erica
  8241 | D:8      | Reached skill level 5 in Shapeshifting
  8463 | D:8      | Noticed Psyche
  8501 | D:8      | Killed Psyche
  8648 | D:8      | Found Zequkh's Antique Weapon Shop.
  9071 | D:9      | Reached ***** piety under Cheibriados
  9214 | D:8      | Bought a runed hand cannon for 208 gold pieces
  9501 | D:9      | Reached skill level 5 in Conjurations
  9501 | D:9      | Reached skill level 5 in Hexes
  9501 | D:9      | Reached skill level 5 in Summonings
  9501 | D:9      | Reached skill level 5 in Necromancy
  9501 | D:9      | Reached skill level 5 in Translocations
  9501 | D:9      | Reached skill level 5 in Fire Magic
  9501 | D:9      | Reached skill level 5 in Air Magic
  9501 | D:9      | Reached skill level 5 in Earth Magic
  9501 | D:9      | Reached skill level 5 in Alchemy
  9501 | D:9      | Reached XP level 11. HP: 81/81 MP: 17/22
  9589 | D:9      | Noticed a two-headed ogre
  9594 | D:9      | Killed a two-headed ogre
  9890 | D:9      | Learned a level 5 spell: Lee's Rapid Deconstruction
  9972 | D:9      | Noticed a skeletal warrior
  9975 | D:9      | Killed a skeletal warrior
  9991 | D:9      | Noticed a cyan ugly thing
  9995 | D:9      | Killed a cyan ugly thing
 10060 | D:9      | Noticed a death knight
 10068 | D:9      | Killed a death knight
 10374 | D:9      | Found a broken altar of Ashenzari.
 10553 | D:9      | Found an ancient bone altar of Kikubaaqudgha.
 10672 | D:10     | Entered Level 10 of the Dungeon
 10672 | D:10     | Noticed Snorg
 10680 | D:10     | Killed Snorg
 10790 | D:10     | Found Pydipn's Magic Scroll Shoppe.
 10913 | D:10     | Found Gehiov's Armour Shop.
 10915 | D:10     | Found Raurunea's Antique Armour Boutique.
 10918 | D:10     | Found Annu Bik's Jewellery Shoppe.
 10918 | D:10     | Found Kuonuff's Weapon Shop.
 11053 | D:10     | Found an iron altar of Okawaru.
 11167 | D:10     | Reached ****** piety under Cheibriados
 11257 | D:10     | Found an ornate altar of the Wu Jian Council.
 11259 | D:10     | Found a shimmering blue altar of Sif Muna.
 11334 | D:10     | Reached XP level 12. HP: 91/91 MP: 17/24
 11364 | D:10     | Found a staircase to the Orcish Mines.
 11385 | D:10     | Found a burning altar of Makhleb.
 11397 | D:10     | Found Perr's Antique Armour Shop.
 11712 | D:11     | Found a staircase to the Lair.
 11774 | D:11     | HP: 3/91 [skeletal warrior/+0 hand axe (8)]
 11774 | D:11     | Mangled by a skeletal warrior

Illustrated notes

Levels and vault maps discovered:
D:1:      roderic_octagonal_star, layout_rooms, minivault_23, minivault_26,
          amcnicky_mini_rare_corridor_liquid
D:2:      minmay_wonky_spiral, layout_loops_corners, basic_altar, serial_glass,
          glass_columns_a, glass_columns_c, wad_floor_pattern_untrapped,
          kennysheep_generic_room_8
D:3:      layout_basic, serial_shops, nicolae_shop_drivethru
D:4:      layout_cave_pools, vehumet_altar_wand_db, uniq_pikel, uniq_edmund
D:5:      layout_loops_ring, dk_rats_in_the_wall
D:6:      layout_basic, uniq_blork_the_orc
D:7:      layout_basic, marbit_many_paths, nicolae_gozag_seed_capital,
          minmay_temple_entry_hall, monkooky_shop_mail_order, uniq_maggie
D:8:      layout_gridville, grunt_qazlal_clouds, serial_shops,
          nicolae_shop_window_shopping, uniq_psyche, uniq_erica
D:9:      layout_loops_cross, gammafunk_temple_overflow_pools,
          nicolae_doodle_vault
D:10:     layout_roguey, nicolae_overflow_hidden_temple,
          okawaru_altar_gauntlet_db, david_orc_3, serial_shops, shop,
          minmay_misc_feat_pillars, nicolae_wooded_promenade, uniq_snorg
D:11:     layout_gridville, erik_lair_orcish_takeover, grunt_ministairs_8,
          serial_park_tiny_2
Temple:   grunt_temple_mini_profane

Skill      XL: |  1  2  3  4  5  6  7  8  9 10 11 12 |
---------------+-------------------------------------+-----
Spellcasting   | 5 6 7 8 9 |  9.0
Invocations    | 1 2 3 4 5 6 7 8 |  8.0
Fighting       | 1 2 3 5 6 7 |  7.3
Short Blades   | 1 2 3 5 6 7 |  7.3
Long Blades    | 1 2 3 5 6 7 |  7.3
Axes           | 1 2 3 5 6 7 |  7.3
Maces & Flails | 1 2 3 5 6 7 |  7.3
Polearms       | 1 2 3 5 6 7 |  7.3
Staves         | 1 2 3 5 6 7 |  7.3
Ranged Weapons | 1 2 3 5 6 7 |  7.3
Throwing       | 1 2 3 5 6 7 |  7.3
Armour         | 1 2 3 5 6 7 |  7.3
Shields        | 1 2 3 5 6 7 |  7.3
Unarmed Combat | 1 2 3 5 6 7 |  7.3
Evocations     | 1 2 3 5 6 7 |  7.3
Shapeshifting  | 1 2 3 4 5 6 |  6.6
Conjurations   | 1 2 3 4 5 6 |  6.1
Hexes          | 1 2 3 4 5 6 |  6.1
Summonings     | 1 2 3 4 5 6 |  6.1
Necromancy     | 1 2 3 4 5 6 |  6.1
Translocations | 1 2 3 4 5 6 |  6.1
Fire Magic     | 1 2 3 4 5 6 |  6.1
Air Magic      | 1 2 3 4 5 6 |  6.1
Earth Magic    | 1 2 3 4 5 6 |  6.1
Alchemy        | 1 2 3 4 5 6 |  6.1
Dodging        | 5 6 7 8 |  8.7
Stealth        | 5 6 7 8 |  8.5
Ice Magic      | 8 9 |  9.4

Action                     |  1- 3 |  4- 6 |  7- 9 | 10-12 || total
---------------------------+-------+-------+-------+-------++-------
  Melee: Unarmed           |     8 |       |     3 |       ||    11
         Punch             |     1 |       |       |       ||     1
         Dire flail        |       |       |   137 |    49 ||   186
         Bite              |       |       |    20 |     6 ||    26
   Fire: Sling             |    24 |   114 |    57 |       ||   195
         Hand cannon       |       |       |       |   151 ||   151
  Throw: Dart              |       |       |     1 |       ||     1
   Cast: Freeze            |    40 |    24 |       |     4 ||    68
         Frozen Ramparts   |     1 |     8 |    12 |    24 ||    45
         Ozocubu's Armour  |     1 |     7 |     8 |    24 ||    40
         Scorch            |       |    13 |     5 |     1 ||    19
         Summon Ice Beast  |       |       |     1 |     1 ||     2
         Airstrike         |       |       |    15 |     7 ||    22
         Olgreb's Toxic Ra |       |       |     1 |     2 ||     3
         Lee's Rapid Decon |       |       |       |     6 ||     6
  Evoke: Wand              |       |       |     1 |       ||     1
    Use: Scroll            |       |     3 |     3 |     5 ||    11
         Potion            |       |       |     4 |     4 ||     8
   Stab: Sleeping          |     1 |       |     9 |     5 ||    15
         Invisible         |       |       |     1 |       ||     1
 Armour: Robe              |    21 |    34 |   114 |   150 ||   319
         Skin              |       |       |     3 |     2 ||     5
  Dodge: Dodged            |    34 |    30 |   129 |   172 ||   365
  Block: Kite shield       |       |       |       |    80 ||    80

Table legend: (Time is in decaauts)
 A = Elapsed time spent in this place.
 B = Non-inter-level travel time spent in this place.
 C = Inter-level travel time spent in this place.
 D = Time resting spent in this place.
 E = Time spent auto-exploring this place.
 F = Levels seen in this place.
 G = Mean time per level.
                   A        B        C        D        E       F      G
               +--------+--------+--------+--------+--------+-----+--------+
         Total |  16019 |  15101 |    918 |      0 |  13078 |  12 | 1334.9 |
       Dungeon |  16017 |  15100 |    917 |      0 |  13078 |  11 | 1456.1 |
        Temple |      1 |      1 |      0 |      0 |      0 |   1 |    1.0 |
               +--------+--------+--------+--------+--------+-----+--------+

Top non-repeatable levels by time:
     D:7: 2334 daAuts
     D:9: 2229 daAuts
     D:8: 1971 daAuts
     D:5: 1690 daAuts
     D:2: 1634 daAuts
    D:10: 1627 daAuts
     D:6: 1519 daAuts
     D:4: 1297 daAuts
     D:1: 889 daAuts
     D:3: 574 daAuts
    D:11: 247 daAuts
  Temple: 1 daAuts
